 Dungeon Crawl Stone Soup version 0.30-a0-916-g9813417 (webtiles) character file.

Game seed: 12831902508006776213

223 Blinkfrogs the Shooter (level 5, -6/47 HPs)
             Began as a Minotaur Hunter on Mar 20, 2023.
             Mangled by a gnoll
             ... wielding a +0 halberd
              (9 damage)
             ... on level 4 of the Dungeon.
             The game lasted 00:08:06 (2535 turns).

Blinkfrogs the Shooter (Minotaur Hunter)            Turns: 2535, Time: 00:08:06

Health: -6/47      AC:  5    Str: 15    XL:     5   Next: 66%
Magic:  1/1        EV: 12    Int:  6    God:
Gold:   94         SH:  0    Dex: 19    Spells: 4/4 levels left

rFire   . . .      SeeInvis .    v - +9 war axe of Uncomfortable Rashes {antimagic, Fly Dex+3}
rCold   . . .      Faith    .    (no shield)
rNeg    . . .      Spirit   .    w - +0 ring mail
rPois   .          Reflect  .    (helmet restricted)
rElec   .          Rampage  .    (no cloak)
rCorr   +                        (no gloves)
Will    .....                    (no boots)
Stlth   +                        (no amulet)
HPRegen 0.27/turn                m - ring of resist corrosion
MPRegen 0.07/turn                (no ring)

@: flying, invisible
A: horns 2, retaliatory headbutt
a: no special abilities


You were on level 4 of the Dungeon.
You visited 1 branch of the dungeon, and saw 4 of its levels.

You collected 94 gold pieces.

Inventory:

Hand Weapons
 a - a +0 shortbow
 v - the +9 war axe of Uncomfortable Rashes (weapon) {antimagic, Fly Dex+3}
   (You found it on level 4 of the Dungeon)

   Dex:       It affects your dexterity (+3).
   Fly:       It grants you flight.
Missiles
 h - 5 silver boomerangs
 s - 6 poisoned darts
Armour
 c - a +0 leather armour
 i - a +0 leather armour of positive energy
 w - a +0 ring mail (worn)
Jewellery
 m - a ring of resist corrosion (left hand)
Wands
 l - a wand of flame (22)
Scrolls
 b - 2 scrolls of immolation
 d - a scroll of noise {unknown}
 e - 4 scrolls of teleportation {unknown}
 f - 5 scrolls of identify {unknown}
 o - a scroll of vulnerability {unknown}
 p - a scroll of magic mapping {unknown}
 q - a scroll of torment {unknown}
 u - 2 scrolls of poison {unknown}
 y - a scroll of fog {unknown}
 z - a scroll of amnesia {unknown}
Potions
 j - a potion of ambrosia {unknown}
 k - a potion of heal wounds {unknown}
 n - a potion of berserk rage {unknown}
 r - a potion of curing {unknown}
 t - a potion of mutation {unknown}
 x - a potion of attraction {unknown}


   Skills:
 + Level 4.3 Fighting
 + Level 0.2 Axes
 - Level 6.0 Ranged Weapons
 + Level 3.9 Dodging
 - Level 0.7 Stealth


You had 4 spell levels left.
You didn't know any spells.
Your spell library contained the following spells:

 Spells                   Type           Power      Damage    Failure   Level
 Scorch                   Fire           0%         2d5       83%         2
 Gell's Gravitas          Tloc           0%         N/A       96%         3
 Teleport Other           Tloc           0%         N/A       96%         3
 Flame Wave               Conj/Fire      0%         2d4       100%        4
 Dispersal                Tloc           0%         N/A       100%        6
 Summon Cactus Giant      Summ           0%         N/A       100%        6


Dungeon Overview and Level Annotations

Branches:
Dungeon (4/15)
 Temple: D:4-7

Altars:

Annotations:
D:2 Sigmund
D:4 Edmund


Innate Abilities, Weirdness & Mutations

You have a pair of horns on your head.
You reflexively headbutt those who attack you in melee.


Message History

Edmund is moderately wounded.
A gnoll comes into view. It is wielding a +0 flail.
Edmund grinds his teeth, and then sighs.
Edmund says, "People think my brother is the best.
I think he's crazy."
Edmund gestures with his flail.
There is an open door here.
You shoot an arrow.
The arrow hits Edmund but does no damage.
Edmund is moderately wounded.
You feel agile.
You fly up into the air.
You feel magic leave you.
v - the +9 war axe of Uncomfortable Rashes (weapon)
{antimagic, Fly Dex+3} You barely miss Edmund.
You headbutt Edmund, but do no damage.
Edmund is moderately wounded.
Edmund hits you but does no damage. x2
You hit Edmund.
Edmund is heavily wounded.
The gnoll hits you from afar with a +0 halberd!
Edmund hits you with a +0 flail of pain!
You writhe in agony.
The gnoll closely misses you.
Okay, then.
You closely miss Edmund.
Edmund is heavily wounded.
Edmund barely misses you. The gnoll closely misses you.
Edmund hits you with a +0 flail of pain.
You hit Edmund. You headbutt Edmund, but do no damage.
Edmund is heavily wounded.
The gnoll hits you from afar with a +0 halberd.
Edmund hits you with a +0 flail of pain!
* * * LOW HITPOINT WARNING * * *
The gnoll closely misses you.
Okay, then.
Okay, then.
Unknown command.
It was a potion of invisibility.
You fade into invisibility!
Edmund hits you with a +0 flail of pain!
* * * LOW HITPOINT WARNING * * *
The gnoll hits you from afar with a +0 halberd!
You die...

...≈......#
#.###..~~~.....#
.≈..~~~~......#
~~~~~~........##
≈.....#+##.....#
#.....#..#.....# ...
#.....#..#.....# ....
#.....#..'.....#
...######@....#..#.....#
.......o@######..#.....###
##....gg'...#...#.......#
#......#...#...#.......#
#......#..##...#.......#
#......#..##...+.......#
#......#.......#.......'
#......#.......#.......#
#......#.......#.......#


You could see Edmund (unable to see you), 2 gnolls and an orc (unable to see
you).

Vanquished Creatures
  2 scorpions
  3 adders
  An ufetubus (D:3)
  A worm (D:3)
  3 dart slugs
  8 orcs (D:3)
  3 endoplasms
  A giant cockroach (D:4)
  5 goblins
  5 hobgoblins
  A jackal (D:2)
  8 kobolds
  A quokka (D:3)
  8 ball pythons
  8 bats
  8 rats
66 creatures vanquished.

Notes
Turn   | Place    | Note
-------+----------+-------------------------------------------
     0 | D:1      | Blinkfrogs the Minotaur Hunter began the quest for the Orb.
     0 | D:1      | Reached XP level 1. HP: 18/18 MP: 0/0
   240 | D:1      | Reached XP level 2. HP: 25/25 MP: 1/1
   648 | D:2      | Noticed Sigmund
   958 | D:2      | Reached skill level 5 in Ranged Weapons
  1115 | D:2      | Reached XP level 3. HP: 26/31 MP: 2/2
  1654 | D:3      | Reached XP level 4. HP: 38/38 MP: 3/3
  1976 | D:3      | Noticed a scorpion
  2015 | D:3      | Killed a scorpion
  2016 | D:3      | Reached XP level 5. HP: 25/46 MP: 4/4
  2237 | D:4      | Identified the +9 war axe of Uncomfortable Rashes
                  | {antimagic, Fly Dex+3}
  2335 | D:4      | Noticed Edmund
  2385 | D:4      | Reached skill level 6 in Ranged Weapons
  2535 | D:4      | Mangled by a gnoll

Illustrated notes

Levels and vault maps discovered:
D:1:      dpeg_arrival_shrine, layout_basic
D:2:      kennysheep_six_static_rooms, layout_loops_ring, uniq_sigmund
D:3:      layout_rooms
D:4:      layout_gridville, mainiacjoe_overflow_24_doors,
          minmay_temple_entry_crystal_x, serial_rivers,
          chequers_serial_rivers_micro_a, chequers_serial_rivers_micro_c,
          chequers_serial_rivers_room_a, chequers_serial_rivers_marsh,
          chequers_serial_rivers_room_b, chequers_serial_rivers_small_a,
          reono_crystal_passage, skrybe_limestone_x, uniq_edmund

Skill      XL: |  1  2  3  4  5 |
---------------+----------------+-----
Ranged Weapons | 5 6 |  6.0
Fighting       | 3 4 |  4.3
Dodging        | 3 |  3.9
Axes           | |  0.2
Stealth        | |  0.7

Action                     |  1- 3 |  4- 6 || total
---------------------------+-------+-------++-------
  Melee: War axe           |       |    10 ||    10
         Headbutt          |       |     2 ||     2
   Fire: Shortbow          |   123 |    42 ||   165
    Use: Potion            |       |     1 ||     1
 Armour: Leather armour    |    22 |       ||    22
         Ring mail         |       |     6 ||     6
  Dodge: Dodged            |    49 |    38 ||    87

Table legend: (Time is in decaauts)
 A = Elapsed time spent in this place.
 B = Non-inter-level travel time spent in this place.
 C = Inter-level travel time spent in this place.
 D = Time resting spent in this place.
 E = Time spent auto-exploring this place.
 F = Levels seen in this place.
 G = Mean time per level.
                   A        B        C        D        E       F      G
               +--------+--------+--------+--------+--------+-----+--------+
         Total |   2588 |   2357 |    231 |    280 |   1503 |   4 |  647.0 |
       Dungeon |   2588 |   2357 |    231 |    280 |   1503 |   4 |  647.0 |
               +--------+--------+--------+--------+--------+-----+--------+

Top non-repeatable levels by time:
     D:2: 894 daAuts
     D:3: 845 daAuts
     D:1: 676 daAuts
     D:4: 172 daAuts
